 Dungeon Sprint DCSS version 0.30-a0-738-g116ff8c4af (webtiles) character file.

Game seed: 3406090579005776689

7632 BigDaddyOpFi the End of an Era (level 10, -1/88 HPs)
             Began as a Demonspawn Fighter on Feb 3, 2023.
             Was the Champion of Qazlal.
             Slain by a nagaraja
             ... wielding a +0 club
              (13 damage)
             ... in the Dungeon (Sprint VII: "The Pits").
             The game lasted 00:02:56 (1882 turns).

BigDaddyOpFi the End of an Era (Demonspawn Fighter) Turns: 1882, Time: 00:02:57

Health: -1/88      AC: 31    Str: 20    XL:     10   Next: 98%
Magic:  19/23      EV:  4    Int: 11    God:    Qazlal [******]
Gold:   0          SH: 14    Dex: 12    Spells: 9/9 levels left

rFire   . . .      SeeInvis .    s - +1 broad axe (freeze)
rCold   . . .      Faith    .    c - +0 buckler
rNeg    . . .      Spirit   .    r - +4 chain mail
rPois   .          Reflect  .    (helmet unavailable)
rElec   +          Harm     .    (no cloak)
rCorr   .          Rampage  .    q - +0 pair of gloves
Will    .....      NoTele   +    p - +0 pair of boots Stlth
                                 (no amulet)
HPRegen 0.34/turn                l - +3 ring of protection
MPRegen 0.18/turn                m - +3 ring of protection

@: lethally poisoned (-1 -> -27), untranslocatable, protected from physical
damage, constricted, repel missiles
A: horns 3, thin metallic scales 3, demonic guardian 1
a: Renounce Religion, Upheaval, Elemental Force, Disaster Area


You were in the Dungeon.
You worshipped Qazlal.
Qazlal was exalted by your worship.
You visited 1 branch

Inventory:

Hand Weapons
 s - a +1 broad axe of freezing (weapon)
Armour
 c - a +0 buckler (worn)
 p - a +0 pair of boots (worn)
 q - a +0 pair of gloves (worn)
 r - a +4 chain mail (worn)
Jewellery
 l - a +3 ring of protection (left hand)
 m - a +3 ring of protection (right hand)
Scrolls
 j - a scroll of blinking
Potions
 d - 3 potions of heal wounds
 e - 2 potions of curing
 g - 3 potions of haste
 h - 4 potions of magic
 i - 2 potions of berserk rage
 k - 2 potions of invisibility
 n - 2 potions of brilliance
 o - a potion of resistance


   Skills:
 + Level 11.6 Fighting
 + Level 10.3 Axes
 + Level 10.6 Armour
 + Level 10.8 Shields
 * Level 19.5 Invocations


You had 9 spell levels left.
You didn't know any spells.
Your spell library was empty.

Dungeon Overview and Level Annotations

Branches:
Dungeon (1/1)

Altars:
Ashenzari
Cheibriados
Dithmenos
Fedhas
Gozag
Hepliaklqana
Kikubaaqudgha
Makhleb
Nemelex Xobeh
Okawaru
Qazlal
Ru
Sif Muna
Trog
Uskayaw
Vehumet
Wu Jian
Xom
Yredelemnul
Jiyva
Lugonu


Innate Abilities, Weirdness & Mutations

You have a pair of large horns on your head.
You are completely covered in thin metallic scales. (AC +4, rElec)
A weak demonic guardian rushes to your aid.


Message History

* * * LOW HITPOINT WARNING * * *
You feel better.
The nagaraja is engulfed in blazing flames.
The nagaraja hits you with a +0 club. The nagaraja constricts you.
The nagaraja is engulfed in blazing flames.
You block the nagaraja's attack. The nagaraja constricts you.
You hit the nagaraja. You freeze the nagaraja.
Your headbutt misses the nagaraja.
The nagaraja is moderately wounded.
The nagaraja is engulfed in blazing flames.
The nagaraja barely misses you. The nagaraja constricts you.
You block the nagaraja's attack. The nagaraja constricts you.
* * * LOW HITPOINT WARNING * * *
You hit the nagaraja. You freeze the nagaraja.
The nagaraja is heavily wounded.
The nagaraja is engulfed in blazing flames.
You block the nagaraja's attack. The nagaraja constricts you.
You slice the nagaraja!! You freeze the nagaraja. You headbutt the nagaraja.
The nagaraja is severely wounded.
Your protection from physical attacks is fading.
The nagaraja is no longer moving quickly.
The nagaraja is engulfed in blazing flames.
The nagaraja gestures wildly while chanting.
The nagaraja seems to speed up.
The nagaraja constricts you.
* * * LOW HITPOINT WARNING * * *
The nagaraja is engulfed in blazing flames.
The nagaraja gestures at you while chanting.
The bolt of poison hits you but does no damage.
You are lethally poisoned!
The nagaraja constricts you.
* * * LOW HITPOINT WARNING * * *
You hit the nagaraja. You freeze the nagaraja.
The nagaraja is almost dead.
* * * LOW HITPOINT WARNING * * *
You feel extremely sick. The nagaraja spits poison at you.
The splash of poison hits you but does no damage.
You are more poisoned.
The nagaraja constricts you. The nagaraja hits you with a +0 club!
You die...

.##..#
#..#'#.....≈..
.##..##..##.##.....#
.##.)##.##...##...#
.##..####.....##.##
.##))(##......#...#
###.)..').≈...'...+
###...##).≈...#...#
[##..####..≈..##☼##
.##..# ##...##.@§#
)##..# ##.##○○.N.#
)##..# #+#..§.°.)..
[##..# ....###...##
###### ##### ####


You could see a nagaraja (fast, catching breath).

Vanquished Creatures
  A hydra (D)
  A boulder beetle (D)
  A death yak (D)
  3 hell hogs (D)
  Sonja (D)
  A bog body (D)
  A deep elf pyromancer (D)
  An orc knight (D)
  A freezing wraith (D)
  A troll (D)
  A hornet (D)
  A flying skull (D)
  A ynoxinul (D)
  A spriggan (D)
  A fire bat (D)
  An acid dragon (D)
  A sky beast (D)
  An ice beast (D)
  A black bear (D)
  An orc warrior (D)
  A bullfrog (D)
  A gnoll sergeant (D)
  A scorpion (D)
  A killer bee (D)
  2 crimson imps (D)
  A jelly (D)
  3 orc priests (D)
  A hound (D)
  An orc wizard (D)
  A gnoll (D)
  A river rat (D)
  A white imp (D)
  An ufetubus (D)
  2 adder zombies (D)
  5 orcs (D)
  A bat skeleton (D)
  A goblin (D)
  2 hobgoblins (D)
  4 jackals (D)
  A quokka (D)
  A quokka zombie (D)
55 creatures vanquished.

Vanquished Creatures (others)
  A redback (D)
1 creature vanquished.

Grand Total: 56 creatures vanquished

Notes
Turn   | Place    | Note
-------+----------+-------------------------------------------
     0 | D        | BigDaddyOpFi the Demonspawn Fighter began the quest for the
                  | Orb.
     0 | D        | Reached XP level 1. HP: 18/18 MP: 1/1
    15 | D        | Found a bloodstained altar of Trog.
    15 | D        | Found a shimmering blue altar of Sif Muna.
    15 | D        | Found a viscous altar of Jiyva.
    15 | D        | Found a hazy altar of Hepliaklqana.
    15 | D        | Found an opulent altar of Gozag.
    16 | D        | Found a basalt altar of Yredelemnul.
    16 | D        | Found a shimmering altar of Xom.
    16 | D        | Found an ornate altar of the Wu Jian Council.
    16 | D        | Found a sacrificial altar of Ru.
    16 | D        | Found a stormy altar of Qazlal.
    16 | D        | Found an iron altar of Okawaru.
    16 | D        | Found a sparkling altar of Nemelex Xobeh.
    16 | D        | Found a burning altar of Makhleb.
    16 | D        | Found a blossoming altar of Fedhas.
    16 | D        | Found a shadowy altar of Dithmenos.
    16 | D        | Found a snail-covered altar of Cheibriados.
    17 | D        | Found a radiant altar of Vehumet.
    17 | D        | Found a corrupted altar of Lugonu.
    18 | D        | Found a hide-covered altar of Uskayaw.
    18 | D        | Found an ancient bone altar of Kikubaaqudgha.
    18 | D        | Found a broken altar of Ashenzari.
    22 | D        | Became a worshipper of Qazlal Stormbringer
    49 | D        | Reached skill level 1 in Invocations
    56 | D        | Reached skill level 2 in Invocations
    56 | D        | Gained mutation: You are partially covered in thin metallic
                  | scales. (AC +2) [demonic ancestry]
    56 | D        | Reached XP level 2. HP: 24/24 MP: 2/4
   129 | D        | Reached * piety under Qazlal
   143 | D        | Noticed a crimson imp
   143 | D        | Noticed a scorpion
   148 | D        | Killed a scorpion
   149 | D        | Reached skill level 5 in Invocations
   149 | D        | Gained mutation: You are mostly covered in thin metallic
                  | scales. (AC +3) [demonic ancestry]
   149 | D        | Reached XP level 3. HP: 26/31 MP: 5/7
   149 | D        | Gained mutation: You are completely covered in thin
                  | metallic scales. (AC +4, rElec) [demonic ancestry]
   149 | D        | Reached XP level 4. HP: 32/38 MP: 5/8
   152 | D        | Reached ** piety under Qazlal
   157 | D        | Reached skill level 6 in Invocations
   228 | D        | Noticed a fire bat
   228 | D        | Noticed a sky beast
   233 | D        | Killed a fire bat
   233 | D        | Reached *** piety under Qazlal
   234 | D        | Reached skill level 5 in Armour
   234 | D        | Reached skill level 5 in Shields
   234 | D        | Reached skill level 9 in Invocations
   234 | D        | Gained mutation: You have a pair of small horns on your
                  | head. [demonic ancestry]
   234 | D        | Reached XP level 5. HP: 46/46 MP: 9/11
   243 | D        | Gained mutation: You have a pair of horns on your head.
                  | [demonic ancestry]
   243 | D        | Reached XP level 6. HP: 52/52 MP: 10/12
   243 | D        | Reached **** piety under Qazlal
   247 | D        | Reached skill level 5 in Axes
   273 | D        | Killed a sky beast
   274 | D        | Reached skill level 10 in Invocations
   277 | D        | Reached ***** piety under Qazlal
   460 | D        | Reached skill level 11 in Invocations
   468 | D        | Gained mutation: A weak demonic guardian rushes to your
                  | aid. [demonic ancestry]
   468 | D        | Reached XP level 7. HP: 42/60 MP: 15/15
   659 | D        | Noticed a flying skull
   678 | D        | Killed a flying skull
   679 | D        | Reached skill level 12 in Invocations
   686 | D        | Noticed a bog body
   686 | D        | Noticed a ynoxinul
   699 | D        | Killed a bog body
   700 | D        | Reached skill level 13 in Invocations
   700 | D        | Gained mutation: You have a pair of large horns on your
                  | head. [demonic ancestry]
   700 | D        | Reached XP level 8. HP: 29/69 MP: 16/18
   707 | D        | Reached skill level 14 in Invocations
  1164 | D        | Noticed a hornet
  1164 | D        | Noticed an orc knight
  1167 | D        | Reached ****** piety under Qazlal
  1167 | D        | Killed a hornet
  1169 | D        | Killed an orc knight
  1170 | D        | Reached skill level 15 in Invocations
  1170 | D        | Reached XP level 9. HP: 76/76 MP: 10/20
  1301 | D        | Noticed a freezing wraith
  1301 | D        | Noticed a troll
  1301 | D        | Noticed Sonja
  1304 | D        | Killed Sonja
  1305 | D        | Reached skill level 16 in Invocations
  1305 | D        | Killed a freezing wraith
  1306 | D        | Reached skill level 10 in Fighting
  1309 | D        | Killed a troll
  1362 | D        | Noticed a hell hog
  1362 | D        | Noticed a hell hog
  1362 | D        | Noticed a hell hog
  1362 | D        | Noticed a death yak
  1365 | D        | Noticed a boulder beetle
  1367 | D        | Killed a hell hog
  1367 | D        | Killed a hell hog
  1368 | D        | Reached skill level 17 in Invocations
  1368 | D        | Reached XP level 10. HP: 60/86 MP: 6/22
  1368 | D        | Killed a hell hog
  1369 | D        | Reached skill level 10 in Shields
  1369 | D        | Reached skill level 18 in Invocations
  1384 | D        | Killed a death yak
  1385 | D        | Reached skill level 10 in Armour
  1606 | D        | Killed a boulder beetle
  1607 | D        | Reached skill level 10 in Axes
  1856 | D        | Noticed a four-headed hydra
  1859 | D        | Killed a four-headed hydra
  1859 | D        | Killed a deep elf pyromancer
  1860 | D        | Reached skill level 19 in Invocations
  1864 | D        | Noticed a nagaraja
  1882 | D        | Slain by a nagaraja

Illustrated notes

Levels and vault maps discovered:
D:        pitsprint [storerooms_1, entrance_room_1, metal_vault_3, armoury_2,
          mini_pit_1, grid_room_1, main_hall_1, silver_pit, the_coven_3,
          the_vestibule_1, steel_vault_2, golden_pit, hallway_of_sentries,
          crystal_vault_1, iron_vault_3, final_vault]

Skill      XL: |  1  2  3  4  5  6  7  8  9 10 |
---------------+-------------------------------+-----
Axes           | 2 3 4 5 7 8 9 10 | 10.3
Shields        | 3 4 5 6 7 8 9 10 | 10.8
Invocations    | 2 5 9 11 13 15 17 19 | 19.5
Armour         | 3 4 5 6 7 8 9 10 | 10.6
Fighting       | 4 6 7 8 9 10 11 | 11.6

Action                     |  1- 3 |  4- 6 |  7- 9 | 10-12 || total
---------------------------+-------+-------+-------+-------++-------
  Melee: War axe           |    17 |    74 |    32 |       ||   123
         Headbutt          |       |    12 |    11 |    10 ||    33
         Broad axe         |       |       |     8 |    47 ||    55
 Invoke: Disaster Area     |       |       |     4 |     1 ||     5
    Use: Potion            |     2 |       |     2 |     8 ||    12
 Armour: Scale mail        |     6 |     8 |       |       ||    14
         Chain mail        |       |    32 |    29 |    21 ||    82
  Dodge: Dodged            |     9 |     9 |    10 |    12 ||    40
         Repelled          |       |       |     1 |     1 ||     2
  Block: Buckler           |     5 |    34 |    30 |    32 ||   101

Table legend: (Time is in decaauts)
 A = Elapsed time spent in this place.
 B = Non-inter-level travel time spent in this place.
 C = Inter-level travel time spent in this place.
 D = Time resting spent in this place.
 E = Time spent auto-exploring this place.
 F = Levels seen in this place.
 G = Mean time per level.
                   A        B        C        D        E       F      G
               +--------+--------+--------+--------+--------+-----+--------+
         Total |   1936 |   1867 |     69 |   1365 |      0 |   1 | 1936.0 |
       Dungeon |   1936 |   1867 |     69 |   1365 |      0 |   1 | 1936.0 |
               +--------+--------+--------+--------+--------+-----+--------+

Top non-repeatable levels by time:
       D: 1936 daAuts
